 Seeded DCSS version 0.28-a0-1447-ga5a8893891 (webtiles) character file.

Game seed: 12220866028070196384 (custom seed)

25 riojii the Ruffian (level 2, 24/24 HPs)
             Began as a Draconian Transmuter on Jan 12, 2022.
             Quit the game on level 1 of the Dungeon.
             The game lasted 00:00:57 (1125 turns).

riojii the Ruffian (Draconian Transmuter)           Turns: 1125, Time: 00:00:57

Health: 24/24      AC:  4    Str: 12    XL:     2   Next: 86%
Magic:  5/5        EV: 12    Int: 13    God:
Gold:   49         SH:  0    Dex:  9    Spells: 4/5 levels left

rFire   . . .      SeeInvis .     - Unarmed
rCold   . . .      Faith    .   (no shield)
rNeg    . . .      Spirit   .   (armour unavailable)
rPois   .          Reflect  .   (helmet restricted)
rElec   .          Harm     .   (no cloak)
rCorr   .          Rampage  .   (no gloves)
Will    .....      Rage     1%  (no boots)
Stlth   +.........              (no amulet)
HPRegen 0.08/turn               (no ring)
MPRegen 0.09/turn               (no ring)

@: very slow
A: AC +4, unfitting armour, cold-blooded, berserk 1, clumsy 1, mutation
resistance 1
a: no special abilities


You were on level 1 of the Dungeon.
You visited 1 branch of the dungeon, and saw 1 of its levels.

You collected 49 gold pieces.

Inventory:

Scrolls
 a - 3 scrolls of identify {unknown}
 b - a scroll of fog {unknown}


   Skills:
 + Level 1.6 Fighting
 + Level 2.1 Dodging
 + Level 3.2 Unarmed Combat
 + Level 2.2 Spellcasting
 + Level 2.3 Transmutations


You had 4 spell levels left.
You knew the following spells:

 Your Spells              Type           Power      Damage    Failure   Level
a - Beastly Appendage     Tmut           14%        N/A       10%         1

Your spell library contained the following spells:

 Spells                   Type           Power      Damage    Failure   Level
 Wereblood                Tmut           7%         N/A       14%         2
 Animate Skeleton         Necr           2%         N/A       26%         1
 Pain                     Necr           4%         1d4       26%         1
 Spider Form              Tmut/Pois      4%         N/A       43%         3
 Vampiric Draining        Necr           1%         2d6       58%         3
 Ice Form                 Ice/Tmut       4%         N/A       83%         4


Dungeon Overview and Level Annotations

Branches:
Dungeon (1/15)

Altars:
Okawaru


Innate Abilities, Weirdness & Mutations

Your plain brown scales are hard. (AC +4)
You cannot fit into any form of body armour.
You are cold-blooded and may be slowed by cold attacks.
You tend to lose your temper in combat.
You are clumsy. (Dex -2)
You are somewhat resistant to further mutation.


Message History

a +0 dagger; a goblin corpse; a ball python corpse
a - 3 scrolls labelled DAEQIVI EMEA (gained 1)
c - a viscous brown potion You see here a bat corpse.
There is an open door here.
An endoplasm comes into view.
An endoplasm is nearby!
A hobgoblin comes into view.
The helpless endoplasm fails to defend itself.
You hit the endoplasm but do no damage.
The hobgoblin shouts!
The endoplasm hits you but does no damage.
You hit the hobgoblin.
Your tail-slap misses the hobgoblin.
The hobgoblin is moderately wounded.
The hobgoblin barely misses you. The endoplasm freezes you.
You are frozen.
You hit the hobgoblin.
You kill the hobgoblin!
The endoplasm closely misses you.
You hit the endoplasm but do no damage.
The endoplasm hits you but does no damage.
You hit the endoplasm. You tail-slap the endoplasm.
The endoplasm is almost dead.
The endoplasm hits you but does no damage.
You hit the endoplasm.
You kill the endoplasm!
You see here a hobgoblin corpse.
You now have 49 gold pieces (gained 9).
You see here a hobgoblin corpse.
You see here a hobgoblin corpse.
You enter the shallow water.
Moving in this stuff is going to be slow.
You enter the shallow water.
Moving in this stuff is going to be slow.
Found an iron altar of Okawaru.
Partly explored, can't reach some places.
It was a potion of mutation.
You feel extremely strange.
You feel clumsy.
You feel a little pissed off.
You feel genetically stable.
Are you sure you want to abandon this character and quit the game? (Confirm with "yes".)

..#.##.##...≈≈≈≈≈≈≈≈≈_
....#...#...≈≈≈≈≈≈≈≈≈≈≈#
........†...≈≈≈≈≈≈≈≈≈≈≈#
.#..#...#.#.≈≈≈≈≈≈≈≈≈≈≈#
..##...##.#.≈≈≈≈≈≈≈≈≈≈≈#
..##......#..≈≈≈≈≈≈≈≈≈≈#
.#..#.##.#...≈≈≈≈≈≈≈≈≈≈#
.......#.#....≈≈≈≈≈≈≈≈≈#
.#.........(...≈@≈≈≈≈≈≈#
##.#...#..#......≈≈≈≈≈≈#
...##.##...##.##...≈≈≈≈#
.+.........+..<#.....≈≈#
##.........##.........≈#
##.......########.#..≈#
##.....## ##.#..#
##...## #.####
##'########## #.#


There were no monsters in sight!

Vanquished Creatures
  2 dart slugs (D:1)
  3 endoplasms (D:1)
  2 giant cockroaches (D:1)
  A goblin (D:1)
  A hobgoblin (D:1)
  2 quokkas (D:1)
  2 ball pythons (D:1)
  A bat (D:1)
  3 frilled lizards (D:1)
  A kobold (D:1)
  3 rats (D:1)
21 creatures vanquished.

Notes
Turn   | Place    | Note
-------+----------+-------------------------------------------
     0 | D:1      | riojii the Draconian Transmuter began the quest for the
                  | Orb.
     0 | D:1      | Reached XP level 1. HP: 16/16 MP: 3/3
   199 | D:1      | Reached XP level 2. HP: 23/23 MP: 3/5
   428 | D:1      | Found a faded altar of an unknown god.
  1121 | D:1      | Found an iron altar of Okawaru.
  1124 | D:1      | Gained mutation: You are clumsy. (Dex -2) [potion of
                  | mutation]
  1124 | D:1      | Gained mutation: You tend to lose your temper in combat.
                  | [potion of mutation]
  1124 | D:1      | Gained mutation: You are somewhat resistant to further
                  | mutation. [potion of mutation]
  1125 | D:1      | Quit the game

Illustrated notes

Levels and vault maps discovered:
D:1:      dpeg_arrival_water_altar, layout_loops_corners,
          chequers_ecumenical_altar_lobes, hangedman_decor_clover_reticule

Skill      XL: |  1  2 |
---------------+-------+-----
Dodging        | 2 |  2.1
Fighting       | |  1.6
Unarmed Combat | |  3.2
Spellcasting   | |  2.2
Transmutations | |  2.3

Action                   || total
-------------------------++-------
Melee: Unarmed           ||    62
       Kick              ||     7
       Tailslap          ||     4
       Headbutt          ||     2
       Punch             ||     1
 Cast: Beastly Appendage ||     7
  Use: Potion            ||     1
 Stab: Sleeping          ||     1
Armor: Skin              ||    16
Dodge: Dodged            ||    32

Table legend: (Time is in decaauts)
 A = Elapsed time spent in this place.
 B = Non-inter-level travel time spent in this place.
 C = Inter-level travel time spent in this place.
 D = Time resting spent in this place.
 E = Time spent auto-exploring this place.
 F = Levels seen in this place.
 G = Mean time per level.
                   A        B        C        D        E       F      G
               +--------+--------+--------+--------+--------+-----+--------+
         Total |   1124 |   1124 |      0 |      0 |    986 |   1 | 1124.0 |
       Dungeon |   1124 |   1124 |      0 |      0 |    986 |   1 | 1124.0 |
               +--------+--------+--------+--------+--------+-----+--------+

Top non-repeatable levels by time:
     D:1: 1124 daAuts
